 Dungeon Crawl Stone Soup version 0.30.1-9-gdf580d7c3d (webtiles) character file.

Game seed: 3628134724176223646

10 BuzzardItera the Vexing (level 2, 0/21 HPs)
             Began as a Demonspawn Hexslinger on Sept 26, 2023.
             Slain by a kobold
             ... wielding a +0 dagger
              (3 damage)
             ... on level 1 of the Dungeon.
             The game lasted 00:02:15 (257 turns).

BuzzardItera the Vexing (Demonspawn Hexslinger)      Turns: 257, Time: 00:02:15

Health: 0/21       AC:  2    Str: 10    XL:     2   Next: 10%
Magic:  3/3        EV: 12    Int: 14    God:
Gold:   28         SH:  0    Dex: 13    Spells: 2/3 levels left

rFire   . . .        a - +1 sling
rCold   . . .        (no shield)
rNeg    . . .        c - +0 robe
rPois   .            (no helmet)
rElec   .            (no cloak)
rCorr   .            (no gloves)
SInv    .            (no boots)
Will    .....        (no amulet)
Stlth   +            (no ring)
HPRegen 0.23/turn    (no ring)
MPRegen 0.08/turn

%: no passive effects
@: no status effects
A: hooves 1
a: no special abilities


You were on level 1 of the Dungeon.
You visited 1 branch of the dungeon, and saw 1 of its levels.

You collected 28 gold pieces.

Inventory:

Hand Weapons
 a - a +1 sling (weapon)
Armour
 c - a +0 robe (worn)
Scrolls
 b - a scroll of poison


   Skills:
 + Level 1.0 Fighting
 + Level 1.8 Ranged Weapons
 + Level 1.8 Dodging
 + Level 1.0 Spellcasting
 + Level 3.5 Hexes


You had 2 spell levels left.
You knew the following spells:

 Your Spells              Type           Power      Damage    Failure   Level
a - Slow                  Hex            40%        N/A       6%          1

Your spell library contained the following spells:

 Spells                   Type           Power      Damage    Failure   Level
 Inner Flame              Hex/Fire       5%         N/A       36%         3
 Portal Projectile        Hex/Tloc       10%        N/A       36%         3
 Cause Fear               Hex            5%         N/A       52%         4


Dungeon Overview and Level Annotations

Branches:
Dungeon (1/15)

Altars:


Innate Abilities, Weirdness & Mutations

You have large cloven feet.


Message History

The kobold hits you but does no damage.
An endoplasm comes into view.
The giant cockroach barely misses you. The giant cockroach closely misses you.
The kobold hits you with a +0 dagger.
You shoot a sling bullet.
The sling bullet completely misses the kobold.
The giant cockroach barely misses you. The kobold hits you with a +0 dagger.
The giant cockroach completely misses you.
The kobold hits you with a +0 dagger. The endoplasm closely misses you.
You shoot a sling bullet.
The sling bullet closely misses the kobold.
The giant cockroach barely misses you. The endoplasm freezes you.
You are frozen.
The kobold hits you with a +0 dagger. The giant cockroach misses you.
You shoot a sling bullet. The sling bullet hits the endoplasm.
You kill the endoplasm!
The kobold closely misses you.
You shoot a sling bullet.
The sling bullet hits the giant cockroach.
The giant cockroach is severely wounded.
The giant cockroach misses you. The kobold hits you with a +0 dagger.
The giant cockroach barely misses you.
You shoot a sling bullet.
The sling bullet closely misses the kobold.
The kobold hits you with a +0 dagger.
The giant cockroach bites you but does no damage.
The kobold hits you with a +0 dagger.
* * * LOW HITPOINT WARNING * * *
The giant cockroach barely misses you. The kobold hits you with a +0 dagger.
* * * LOW HITPOINT WARNING * * *
The giant cockroach bites you.
* * * LOW HITPOINT WARNING * * *
The kobold hits you but does no damage.
You shoot a sling bullet.
The sling bullet hits the kobold but does no damage.
The giant cockroach bites you but does no damage.
The kobold hits you with a +0 dagger.
You die...

### ..# ### #.# .?# #.#
######### #.#
###?####........ #.#
##.†..?..........
##.###BK..####...####.
#......@.......##....#
#..##......#..#.......
######..##.>......#.#......
#.................#..#....#
#.####..#........#....#..#.
###...........#....B##$.
#....#####....#....(# .
#.#..# #....#....#. #.#..#
#.....#..#..


You could see a giant cockroach and a kobold.

Vanquished Creatures
  A dart slug (D:1)
  A ball python (D:1)
  A bat (D:1)
  2 endoplasms (D:1)
  A kobold (D:1)
  2 rats (D:1)
8 creatures vanquished.

Notes
Turn   | Place    | Note
-------+----------+-------------------------------------------
     0 | D:1      | BuzzardItera the Demonspawn Hexslinger began the quest for
                  | the Orb.
     0 | D:1      | Reached XP level 1. HP: 15/15 MP: 2/2
   243 | D:1      | Gained mutation: You have large cloven feet. [demonic
                  | ancestry]
   243 | D:1      | Reached XP level 2. HP: 21/21 MP: 3/3
   257 | D:1      | Slain by a kobold

Illustrated notes

Levels and vault maps discovered:
D:1:      wheals_arrival_linesprint, layout_loops_ring, minmay_circled_x

Action                     || total
---------------------------++-------
   Fire: Sling             ||    34
 Armour: Robe              ||    24
  Dodge: Dodged            ||    45
